 Dungeon Crawl Stone Soup version 0.22-a0-247-gbddf880 (webtiles) character file.

83 Amnesiac the Digger (level 4, -4/30 HPs)
             Began as a Formicid Earth Elementalist on Feb 23, 2018.
             Slain by an ogre
             ... wielding a +0 giant club
              (31 damage)
             ... on level 4 of the Dungeon.
             The game lasted 00:02:40 (1045 turns).

Amnesiac the Digger (Formicid Earth Elementalist)   Turns: 1045, Time: 00:02:41

Health: -4/30      AC:  2    Str: 12    XL:     4   Next: 71%
Magic:  7/10       EV: 12    Int: 16    God:
Gold:   48         SH:  0    Dex: 11    Spells: 4/11 levels left

rFire    . . .     SeeInvis +   (no weapon)
rCold    . . .     Gourm    .   (no shield)
rNeg     . . .     Faith    .   c - +0 robe
rPois    .         Spirit   .   (helmet unavailable)
rElec    .         Reflect  .   (no cloak)
rCorr    .         Harm     .   (no gloves)
MR       .....                  (no boots)
Stlth    ++........             (no amulet)
HPRegen  0.10/turn              (no ring)
MPRegen  0.12/turn              (no ring)

@: no status effects
A: permanent stasis, dig shafts and tunnels, four strong arms, antennae 3
a: Dig, Shaft Self


You were on level 4 of the Dungeon.
You were hungry.

You visited 1 branch of the dungeon, and saw 4 of its levels.

You collected 48 gold pieces.

Inventory:

Missiles
 b - 64 stones (quivered)
Armour
 c - a +0 robe (worn)
Wands
 h - a wand of acid (8)
Scrolls
 e - a scroll of magic mapping {!r, unknown}
 g - 2 scrolls of identify {!r, unknown}
 i - a scroll of teleportation {!r, unknown}
Potions
 a - a potion of curing {!q, unknown}
 f - a potion of might {!q, unknown}
Comestibles
 d - a ration


   Skills:
 - Level 1.7 Dodging
 - Level 2.4 Stealth
 + Level 4.2 Spellcasting
 - Level 1.1 Transmutations
 + Level 4.3 Earth Magic


You had 4 spell levels left.
You knew the following spells:

 Your Spells              Type           Power        Failure   Level  Hunger
a - Sandblast             Erth           ###...       2%          1    None
b - Passwall              Tmut/Erth      ##........   9%          2    ##.....
e - Petrify               Tmut/Erth      ##......     47%         4    ####...


Dungeon Overview and Level Annotations

Branches:
Dungeon (4/15)
 Temple: D:4-7

Altars:
Nemelex Xobeh
Okawaru

Shops:
D:4 (

Annotations:
D:4 exclusion: iguana


Innate Abilities, Weirdness & Mutations

You cannot be hasted, slowed, berserked, paralysed or teleported.
You can dig through walls and to a lower floor.
Your four strong arms can wield two-handed weapons with a shield.
You have a pair of large antennae on your head. (SInv)


Message History

Aiming: Sandblast (safe; 3% risk of failure)
Press: ? - help, Shift-Dir - straight line, f/p - Amnesiac's ghost
Aim: Amnesiac's ghost (severely damaged)
The blast of sand misses Amnesiac's ghost.
b - 69 stones Amnesiac's ghost hits you.
Unknown command.
Casting: Sandblast (safe; 3% risk of failure)
Confirm with . or Enter, or press ? or * to list all spells.
Aiming: Sandblast (safe; 3% risk of failure)
Press: ? - help, Shift-Dir - straight line, f/p - Amnesiac's ghost
Aim: Amnesiac's ghost (severely damaged)
The blast of sand misses Amnesiac's ghost.
b - 68 stones Amnesiac's ghost casts a spell at you.
The blast of sand misses you.
Unknown command.
Casting: Sandblast (safe; 3% risk of failure)
Confirm with . or Enter, or press ? or * to list all spells.
Aiming: Sandblast (safe; 3% risk of failure)
Press: ? - help, Shift-Dir - straight line, f/p - Amnesiac's ghost
Aim: Amnesiac's ghost (severely damaged)
The blast of sand hits Amnesiac's ghost.
You destroy Amnesiac's ghost!
b - 67 stones Unknown command.
You start resting.
Your magical contamination has completely faded away.
Magic restored.
Found a stone staircase leading down.
There is a stone staircase leading down here.
HP restored.
i - a scroll labeled OSOTAU CEPH {!r} You sense a monster nearby.
An ogre comes into view. It is wielding a giant club.
Casting: Sandblast (safe; 2% risk of failure)
Confirm with . or Enter, or press ? or * to list all spells.
Aiming: Sandblast (safe; 2% risk of failure)
Press: ? - help, Shift-Dir - straight line, f - ogre
Aim: an ogre, wielding a giant club (resting)
The blast of sand hits the ogre.
The ogre is moderately wounded.
The ogre shouts!
b - 66 stones Unknown command.
Casting: Sandblast (safe; 2% risk of failure)
Confirm with . or Enter, or press ? or * to list all spells.
Aiming: Sandblast (safe; 2% risk of failure)
Press: ? - help, Shift-Dir - straight line, f/p - ogre
Aim: an ogre, wielding a giant club (moderately wounded)
The blast of sand hits the ogre.
The ogre is heavily wounded.
b - 65 stones
Casting: Sandblast (safe; 2% risk of failure)
Confirm with . or Enter, or press ? or * to list all spells.
Aiming: Sandblast (safe; 2% risk of failure)
Press: ? - help, Shift-Dir - straight line, f/p - ogre
Aim: an ogre, wielding a giant club (heavily wounded)
The blast of sand hits the ogre.
The ogre is severely wounded.
b - 64 stones The ogre hits you with a giant club!!
Ouch! That really hurt!
You die...

###### ##....#
#.....#############
#...@.............###
#..O#...............#
#...#######.#####.#.#
#... #.......... #...
#..####...# #... #..#
#..... #...
#..###....# #..#
####...>.....# #.#
#.....#####.##


You could see an ogre.

Vanquished Creatures
  The ghost of Amnesiac the Digger, a weakling FoEE (D:4)
  4 gnolls (D:4)
  2 adders (D:4)
  An adder skeleton (D:4)
  A giant cockroach (D:4)
  3 goblins (D:4)
  A bat (D:3)
  A frilled lizard (D:3)
14 creatures vanquished.

Notes
Turn   | Place    | Note
-------+----------+-------------------------------------------
     0 | D:1      | Amnesiac the Formicid Earth Elementalist began the quest for the Orb.
     0 | D:1      | Reached XP level 1. HP: 13/13 MP: 3/3
     6 | D:1      | You fall through a shaft!
    60 | D:2      | You fall through a shaft!
   100 | D:4      | Found an iron altar of Okawaru.
   196 | D:4      | Noticed an iguana
   210 | D:4      | Found a sparkling altar of Nemelex Xobeh.
   286 | D:4      | Reached XP level 2. HP: 19/19 MP: 0/5
   406 | D:4      | Found Sadaiv's Weapon Boutique.
   453 | D:4      | Noticed Amnesiac's ghost (weakling FoEE)
   541 | D:4      | Reached XP level 3. HP: 23/24 MP: 5/7
   621 | D:4      | Reached XP level 4. HP: 16/30 MP: 3/9
   927 | D:4      | Learned a level 2 spell: Passwall
   932 | D:4      | Learned a level 4 spell: Petrify
   985 | D:4      | Killed Amnesiac's ghost
  1041 | D:4      | Noticed an ogre
  1045 | D:4      | Slain by an ogre

Vault maps used:
D:1:      ncdulo_lavacross, minmay_misc_feat_pillars
D:3:      lemuel_doored_altar, first_ration, st_stairs_8
D:4:      nemelex_xobeh_ov_fountains_minmay, kennysheep_okawaru_gauntlet,
          serial_shops, shop

Skill      XL: |  1  2  3  4 |
---------------+-------------+-----
Earth Magic    | 4 |  4.3
Spellcasting   | 3 4 |  4.2
Dodging        | |  1.7
Stealth        | |  2.4
Transmutations | |  1.1

Action                   |  1- 3 |  4- 6 || total
-------------------------+-------+-------++-------
 Cast: Sandblast         |    19 |    16 ||    35
 Abil: Shaft Self        |     1 |       ||     1
Armor: Robe              |     2 |       ||     2
Dodge: Dodged            |     6 |     4 ||    10

Table legend:
 A = Spawn XP
 B = Non-spawn XP
 C = Spawn XP percentage of total XP
 D = Spawn monster count
 E = Non-spawn monster count
 F = Spawn count percentage of total count
 G = Total turns spent on level
                    A         B        C        D         E        F      G
               +---------+---------+-------+---------+---------+-------+---------
         Total |       0 |     119 |   0.0 |       0 |      14 |   0.0 |  1045
               +---------+---------+-------+---------+---------+-------+---------
           D:3 |       0 |       2 |   0.0 |       0 |       2 |   0.0 |   237
           D:4 |       0 |     117 |   0.0 |       0 |      12 |   0.0 |   748
               +---------+---------+-------+---------+---------+-------+---------
